 Dungeon Sprint DCSS version 0.27.1-33-g824d729ab1 (webtiles) character file.

Game seed: 17704470448065047674

648 Hipnos the Fighter (level 7, -2/54 HPs)
             Began as a Gargoyle Berserker on Dec 1, 2021.
             Was a Priest of Trog.
             Slain by Sonja (5 damage)
             ... in the Dungeon (Sprint I: "Red Sonja").
             The game lasted 00:02:20 (696 turns).

Hipnos the Fighter (Gargoyle Berserker)              Turns: 696, Time: 00:02:21

Health: -2/54      AC:  9    Str: 23    XL:     7   Next: 53%
Magic:  7/7        EV: 12    Int:  7    God:    Trog [***...]
Gold:   362        SH:  0    Dex:  9    Spells: 6/6 levels left

rFire    . . .     SeeInvis .   a - +0 mace
rCold    . . .     Faith    .   (no shield)
rNeg     + . .     Spirit   .   j - +2 robe {Will+}
rPois    ∞         Reflect  .   (no helmet)
rElec    +         Harm     .   (no cloak)
rCorr    .         Rampage  .   (no gloves)
Will     +....     NoTele   +   (no boots)
Stlth    +.........             (no amulet)
HPRegen  0.18/turn              (no ring)
MPRegen  0.10/turn              (no ring)

@: on berserk cooldown, slowed, very slow
A: sickness immunity, AC +4, negative energy resistance 1, electricity
resistance, torment resistance 1, petrification resistance
a: Renounce Religion, Berserk, Trog's Hand


You were in the Dungeon.
You worshipped Trog.
Trog was most pleased with you.
You visited 1 branch You collected 432 gold pieces.
You spent 70 gold pieces at shops.

Inventory:

Hand Weapons
 a - a +0 mace (weapon)
Armour
 b - a +0 animal skin
 i - a +0 leather armour
 j - a +2 robe of willpower (worn)
Wands
 k - a wand of paralysis (7)
Scrolls
 h - 2 scrolls of blinking
Potions
 c - a potion of curing
 d - a potion of heal wounds
 e - 2 potions of haste
 f - 2 potions of magic
 g - a potion of berserk rage


   Skills:
 * Level 11.5 Fighting
 * Level 11.1 Maces & Flails
 + Level 4.2 Armour
 + Level 3.7 Dodging
 + Level 1.3 Stealth


You had 6 spell levels left.
You didn't know any spells.
Your spell library was empty.

Dungeon Overview and Level Annotations

Branches:
Dungeon (1/1)

Altars:
Cheibriados
Dithmenos
Elyvilon
Fedhas
Gozag
Hepliaklqana
Kikubaaqudgha
Makhleb
Nemelex Xobeh
Okawaru
Qazlal
Ru
Sif Muna
Trog
Uskayaw
Vehumet
Wu Jian
Xom
Yredelemnul
Zin
The Shining One
Jiyva
Lugonu

Shops:
D !

Annotations:
D Sonja


Innate Abilities, Weirdness & Mutations

You are immune to sickness and miasma.
Your stone body is resilient. (AC +4)
You are immune to poison.
You resist negative energy. (rN+)
You are resistant to electric shocks. (rElec)
You are resistant to unholy torment.
You are immune to petrification.


Message History

Space bends around you. Sonja misses you.
Sonja hits you with a +1 short sword of distortion.
Sonja gestures wildly while chanting.
Sonja blinks!
You sock Sonja!
Sonja is severely wounded.
Sonja barely misses you. Sonja closely misses you.
Sonja hits you but does no damage. Space warps horribly around you.
You hit Sonja but do no damage.
Sonja is severely wounded.
Sonja hits you but does no damage. Sonja closely misses you.
Sonja barely misses you. Sonja closely misses you. Sonja barely misses you. x2
You closely miss Sonja.
Sonja is severely wounded.
Sonja casts a spell.
Sonja blinks!
Sonja mumbles some strange words.
Sonja blinks!
Sonja throws a curare-tipped dart.
The curare-tipped dart barely misses you.
Sonja bows elegantly.
Sonja casts a spell.
Sonja blinks!
Sonja bows elegantly.
Sonja throws a curare-tipped dart.
The curare-tipped dart misses you.
There is an open door here.
You completely miss Sonja.
Sonja is heavily wounded.
Sonja casts a spell.
Sonja blinks!
Sonja casts a spell.
Sonja blinks!
You miss Sonja.
Sonja is heavily wounded.
Sonja closely misses you.
Sonja hits you with a +1 short sword of distortion.
Space warps horribly around you!
* * * LOW HITPOINT WARNING * * *
Sonja hits you but does no damage. Space bends around you.
You die...

#<.#..)..#..'..#__#..+
#..)..#..').#..'..'..#
#..#####'#####'#__####
#..####..#§..#.####
#..#__####..##.#
#..#_____##'#_.+
#⌠⌠#_.∩...'..._#
####_..__##§.#'#
#_____###@#(#
#########K### +..$+
#$.$# ##.## #+#


You could see Sonja.

Vanquished Creatures
  A slime creature (D)
  Sigmund (D)
  A yak (D)
  An ogre (D)
  A jelly (D)
  Ijyb (D)
6 creatures vanquished.

Notes
Turn   | Place    | Note
-------+----------+-------------------------------------------
     0 | D        | Hipnos the Gargoyle Berserker began the quest for the Orb.
     0 | D        | Reached XP level 1. HP: 14/14 MP: 1/1
     1 | D        | Noticed Ijyb
     6 | D        | Killed Ijyb
     7 | D        | Reached skill level 5 in Fighting
     7 | D        | Reached XP level 2. HP: 21/21 MP: 2/2
     7 | D        | Reached XP level 3. HP: 26/26 MP: 3/3
    31 | D        | Noticed an ogre
    40 | D        | Killed an ogre
    41 | D        | Reached XP level 4. HP: 23/34 MP: 4/4
   143 | D        | Noticed Sigmund
   153 | D        | Killed Sigmund
   153 | D        | Reached ** piety under Trog
   154 | D        | Reached XP level 5. HP: 25/41 MP: 5/5
   154 | D        | Reached XP level 6. HP: 29/47 MP: 6/6
   344 | D        | Found an ornate altar of the Wu Jian Council.
   344 | D        | Found a shimmering blue altar of Sif Muna.
   346 | D        | Found a radiant altar of Vehumet.
   406 | D        | Found Povoje's Distillery.
   406 | D        | Found an ancient bone altar of Kikubaaqudgha.
   406 | D        | Found a hazy altar of Hepliaklqana.
   406 | D        | Found a stormy altar of Qazlal.
   406 | D        | Found a hide-covered altar of Uskayaw.
   406 | D        | Found a blossoming altar of Fedhas.
   406 | D        | Found a bloodstained altar of Trog.
   406 | D        | Found an iron altar of Okawaru.
   406 | D        | Found a basalt altar of Yredelemnul.
   406 | D        | Found a glowing golden altar of the Shining One.
   406 | D        | Found a snail-covered altar of Cheibriados.
   406 | D        | Found a sacrificial altar of Ru.
   406 | D        | Found a glowing silver altar of Zin.
   406 | D        | Found a shadowy altar of Dithmenos.
   406 | D        | Found a white marble altar of Elyvilon.
   406 | D        | Noticed a yak
   407 | D        | Found an opulent altar of Gozag.
   412 | D        | Killed a yak
   413 | D        | Reached skill level 10 in Fighting
   413 | D        | Reached skill level 10 in Maces & Flails
   413 | D        | Reached XP level 7. HP: 49/53 MP: 7/7
   413 | D        | Found a sparkling altar of Nemelex Xobeh.
   417 | D        | Bought a potion of heal wounds for 70 gold pieces
   498 | D        | Found a burning altar of Makhleb.
   498 | D        | Found a viscous altar of Jiyva.
   498 | D        | Found a shimmering altar of Xom.
   498 | D        | Found a corrupted altar of Lugonu.
   498 | D        | Noticed a slime creature
   509 | D        | Killed a slime creature
   509 | D        | Reached *** piety under Trog
   510 | D        | Reached skill level 1 in Stealth
   663 | D        | Noticed Sonja
   696 | D        | Slain by Sonja

Illustrated notes

Levels and vault maps discovered:
D:        dungeon_sprint_1 [red_sonja_temple_1, red_sonja_temple_small_1]

Skill      XL: |  1  2  3  4  5  6  7 |
---------------+----------------------+-----
Fighting       | 5 7 9 10 11 | 11.5
Maces & Flails | 4 6 8 10 11 | 11.1
Dodging        | 2 3 |  3.7
Armour         | 3 4 |  4.2
Stealth        | 1 |  1.3

Action                   |  1- 3 |  4- 6 |  7- 9 || total
-------------------------+-------+-------+-------++-------
Melee: Mace              |    13 |    14 |    19 ||    46
Invok: Berserk           |     1 |     3 |     2 ||     6
  Use: Potion            |       |       |     1 ||     1
Armor: Robe              |       |     1 |    12 ||    13
Dodge: Dodged            |     7 |     3 |    20 ||    30
